 Dungeon Crawl Stone Soup version 0.22-a0-419-g492bfec (webtiles) character file.

51567 galech the Protected (level 14, -12/111 HPs)
             Began as a Gnoll Wanderer on May 15, 2018.
             Was a High Priest of Okawaru.
             Mangled by Rupert
             ... wielding a +2 great mace of protection
              (30 damage)
             ... on level 4 of the Lair of Beasts.
             The game lasted 01:11:05 (31634 turns).

galech the Protected (Gnoll Wanderer)              Turns: 31634, Time: 01:11:06

Health: -12/111    AC: 18    Str: 18    XL:     14   Next: 60%
Magic:  27/27      EV: 12    Int: 20    God:    Okawaru [*****.]
Gold:   1655       SH:  0    Dex: 18    Spells: 29/31 levels left

rFire    . . .     SeeInvis .   E - +9 staff of Olgreb {rPois}
rCold    + . .     Gourm    .   J - +0 shield
rNeg     . . .     Faith    .   L - +2 chain mail {rC+}
rPois    ∞         Spirit   .   m - +0 helmet
rElec    .         Reflect  +   C - +0 cloak
rCorr    +         Harm     .   O - +0 pair of gloves of Fortitude {Int+3}
MR       +....                  (no boots)
Stlth    ..........             b - +2 amulet of reflection
HPRegen  0.28/turn              r - ring of resist corrosion
MPRegen  0.20/turn              e - +4 ring of strength

@: confused
A: distributed training, fangs 1, strong nose
a: Heroism, Finesse, Renounce Religion


You were on level 4 of the Lair of Beasts.
You worshipped Okawaru.
Okawaru was extremely pleased with you.
You were not hungry.

You visited 4 branches of the dungeon, and saw 18 of its levels.
You also visited: Sewer, Ice Cave and Volcano.

You collected 1912 gold pieces.
You spent 257 gold pieces at shops.

Inventory:

Hand Weapons
 E - the +9 staff of Olgreb (weapon) {rPois}
   (You found it on level 7 of the Dungeon)

   It protects you from poison.
Armour
 c - the +1 leather armour of Kindness {*Slow Int+5}
   (You found it on level 8 of the Dungeon)

   It affects your intelligence (+5).
   It may slow you when you take damage.
 m - a +0 helmet (worn)
 C - a +0 cloak (worn)
 I - a +0 troll leather armour
 J - a +0 shield (worn)
 K - a +3 chain mail
 L - a +2 chain mail of cold resistance (worn)
 O - the +0 pair of gloves of Fortitude (worn) {Int+3}
   (Okawaru gifted it to you on level 2 of the Orcish Mines)

   It affects your intelligence (+3).
 Q - a +2 robe of magic resistance
 Z - a +3 ring mail of positive energy
Jewellery
 b - a +2 amulet of reflection (around neck)
 e - a +4 ring of strength (right hand)
 j - an uncursed ring of protection from magic
 q - an uncursed amulet of the gourmand
 r - a ring of resist corrosion (left hand)
 s - an uncursed amulet of magic regeneration {unknown}
 y - an uncursed ring of flight
 D - an uncursed ring of magical power
Wands
 l - a wand of flame (25)
 F - a wand of iceblast (22)
Scrolls
 d - 5 scrolls of enchant armour
 g - a scroll of magic mapping
 h - 3 scrolls of remove curse
 i - 3 scrolls of amnesia
 k - 8 scrolls of teleportation
 n - 3 scrolls of enchant weapon
 p - 3 scrolls of fog
 w - 9 scrolls of fear
 z - a scroll of silence
 A - a scroll of random uselessness
 G - a scroll of acquirement
 N - 2 scrolls of blinking
 P - a scroll of holy word
 V - a scroll of identify
Potions
 o - 2 potions of degeneration
 t - 3 potions of magic
 u - 2 potions of brilliance
 v - 2 potions of flight
 x - a potion of resistance {unknown}
 H - 3 potions of might
 R - a potion of heal wounds
 S - a potion of haste {unknown}
 W - a potion of mutation {unknown}
 X - a potion of berserk rage {unknown}
Miscellaneous
 a - a phial of floods
Comestibles
 f - 18 rations
 B - 3 chunks of flesh


   Skills:
 + Level 10.3 Fighting
 + Level 9.3 Short Blades
 + Level 9.3 Long Blades
 + Level 9.3 Axes
 + Level 9.3 Maces & Flails
 + Level 9.3 Polearms
 + Level 9.3 Staves
 + Level 9.3 Slings
 + Level 9.3 Bows
 + Level 9.3 Crossbows
 + Level 9.7 Throwing
 + Level 11.2 Armour
 + Level 9.3 Dodging
 + Level 11.0 Stealth
 + Level 9.3 Shields
 + Level 9.3 Unarmed Combat
 + Level 9.3 Spellcasting
 + Level 7.8 Conjurations
 + Level 7.8 Hexes
 + Level 7.8 Charms
 + Level 7.8 Summonings
 + Level 7.8 Necromancy
 + Level 7.8 Translocations
 + Level 7.8 Transmutations
 + Level 7.8 Fire Magic
 + Level 7.8 Ice Magic
 + Level 7.8 Air Magic
 + Level 7.8 Earth Magic
 + Level 7.8 Poison Magic
 + Level 10.1 Invocations
 + Level 9.7 Evocations


You had 29 spell levels left.
You knew the following spells:

 Your Spells              Type           Power        Failure   Level  Hunger
a - Blink                 Tloc           N/A          8%          2    None

Your spell library contained the following spells:

 Spells                   Type           Power        Failure   Level  Hunger
 Magic Dart               Conj           ####         4%          1    None
 Conjure Flame            Conj/Fire      #####...     16%         3    None
 Slow                     Hex            #####...     8%          2    None
 Mephitic Cloud           Conj/Pois/Air  ######..     16%         3    None
 Call Imp                 Summ           #####...     8%          2    None
 Spider Form              Tmut/Pois      ######....   16%         3    None
 Blade Hands              Tmut           #####.....   80%         5    #####..
 Ice Form                 Ice/Tmut       #####...     45%         4    ###....
 Sticks to Snakes         Tmut           #####...     8%          2    None
 Beastly Appendage        Tmut           #####.       4%          1    None


Dungeon Overview and Level Annotations

Branches:
Dungeon (11/15)            Temple (1/1) D:6            Lair (4/6) D:8
  Swamp (0/4) Lair:3        Snake (0/4) Lair:4          Orc (2/2) D:10
    Elf (0/3) Orc:2

Altars:
Dithmenos
Gozag
Makhleb
Okawaru
Qazlal
Ru
Sif Muna
Vehumet
Wu Jian
Xom
Zin
Beogh

Shops:
Orc:2 *[*=

Annotations:
D:7 1 runed door
Lair:3 exclusion: 3 oklob plants
Lair:4 Rupert


Innate Abilities, Weirdness & Mutations

Your experience applies equally to all skills.
You have very sharp teeth.
Your uncanny sense of smell can sniff out nearby items.


Message History

Rupert screams, "You killed all those lovely monsters, you murderer!"
Rupert roars wildly at you.
You are more confused.
You hit Rupert.
Rupert looks even sicker.
Rupert is moderately wounded.
Rupert hits you with a great mace of protection!!
Rupert roars madly and goes into a rage!
Rupert goes berserk!
You hit Rupert but do no damage.
Rupert looks as sick as possible!
Rupert is lightly wounded.
Rupert hits you with a great mace of protection!!
You're too confused to move!
Rupert hits you with a great mace of protection!!
* * * LOW HITPOINT WARNING * * *
Unknown command.
You're too confused to move!
Rupert hits you with a great mace of protection.
* * * LOW HITPOINT WARNING * * *
Rupert hits you with a great mace of protection!!
You die...

,#..#.####........# ***,,,,,,
*#..##.#..........# *,,,,,,,,
##.####.#........<## **,,,,,,,,
...####............#****,,,,,,,**
#...##.............##,,,,,,,,,,*
..####..............##,,,,,,,,,*
#..##................#,,,,,,,,,**
#....................#,,,,,,,,,,*
##.............@@....#,,,,,,,,,**
##.....................,,,,,,,**
###....................,,,,,,,,*
##......................,,,,,,,,*
#.......................,,,,,,,**
..........#............#,,,,,,**
........#.##...........#***,,**
#........####....[.....#*,,*,***
..........##........,,,,****,,,*


You could see Rupert (berserk).

Vanquished Creatures
  A frost giant (IceCv)
  Fannar (Lair:2)
  2 hydras
  Erica (Lair:2)
  A centaur warrior (D:11)
  A death yak (IceCv)
  4 ogre magi (Orc:2)
  11 two-headed ogres
  An orc high priest (D:10)
  Urug (Orc:1)
  An unseen horror (D:11)
  Pikel (D:5)
  4 orc knights
  2 orc sorcerers
  A salamander (Volcano)
  Joseph (Lair:1)
  Maurice (Orc:1)
  The ghost of galech the Fighter, a novice GnWn of Okawaru (D:4)
  The ghost of galech the Skirmisher, a novice GnWn of Okawaru (D:5)
  Psyche (D:10)
  A black mamba (Lair:3)
  3 spiny frogs
  3 komodo dragons
  7 trolls
  A hornet (D:9)
  11 polar bears
  Prince Ribbit (D:6)
  15 blink frogs
  2 tyrant leeches (Lair:3)
  Grinder (D:3)
  A hippogriff (D:9)
  A vampire (D:10)
  A shadow (D:11)
  A wraith (D:11)
  23 yaks
  3 wyverns
  3 fire bats
  Menkaure (D:6)
  A hungry ghost (D:7)
  2 wargs (Orc:1)
  7 soldier ants (D:7)
  5 water moccasins
  4 sky beasts
  9 porcupines
  14 orc warriors
  3 black bears
  2 ice beasts
  2 phantoms
  38 ogres
  A hornet zombie (D:10)
  12 wolves (IceCv)
  6 centaurs
  10 crocodiles
  A gnoll sergeant (Orc:2)
  14 bullfrogs
  A scorpion (D:7)
  30 killer bees
  3 wights (D:8)
  5 howler monkeys
  5 crimson imps
  3 centaur zombies
  4 hounds
  A jelly (D:8)
  11 orc priests
  Crazy Yiuf (D:6)
  3 iron imps (D:4)
  2 bullfrog skeletons
  15 orc wizards
  Terence (D:1)
  An iguana (D:4)
  Natasha (thrice) (D:3)
  16 worker ants
  A worker ant zombie (D:5)
  Robin (D:2)
  A howler monkey zombie (D:7)
  13 adders
  A shadow imp (D:7)
  12 white imps (Lair:4)
  2 adder skeletons
  4 worms
  3 dart slugs
  7 leopard geckos
  68 orcs
  A ball python (D:2)
  8 giant cockroaches
  9 hobgoblins
  5 jackals
  9 quokkas
  A ball python skeleton (D:4)
  10 bats
  5 frilled lizards
  12 goblins
  A jackal zombie (D:8)
  9 kobolds
  10 rats
546 creatures vanquished.

Vanquished Creatures (others)
  A death yak (IceCv)
  A rime drake (IceCv)
  3 polar bears (IceCv)
  4 yaks (IceCv)
9 creatures vanquished.

Grand Total: 555 creatures vanquished

Notes
Turn   | Place    | Note
-------+----------+-------------------------------------------
     0 | D:1      | galech the Gnoll Wanderer began the quest for the Orb.
     0 | D:1      | galech set off with: a phial of floods, a potion of curing, a +0 ring mail, a +0 dagger, a ration
     0 | D:1      | Reached XP level 1. HP: 20/20 MP: 2/2
   191 | D:1      | Reached XP level 2. HP: 20/26 MP: 3/3
   448 | D:1      | Reached XP level 3. HP: 29/31 MP: 4/4
   669 | D:2      | Noticed Terence
   920 | D:1      | Killed Terence
   920 | D:1      | Reached skill level 1 in Short Blades
   920 | D:1      | Reached skill level 1 in Long Blades
   920 | D:1      | Reached skill level 1 in Axes
   920 | D:1      | Reached skill level 1 in Maces & Flails
   920 | D:1      | Reached skill level 1 in Polearms
   920 | D:1      | Reached skill level 1 in Staves
   920 | D:1      | Reached skill level 1 in Slings
   920 | D:1      | Reached skill level 1 in Bows
   920 | D:1      | Reached skill level 1 in Crossbows
   920 | D:1      | Reached skill level 1 in Dodging
   920 | D:1      | Reached skill level 1 in Shields
   920 | D:1      | Reached skill level 1 in Unarmed Combat
   920 | D:1      | Reached skill level 1 in Spellcasting
   920 | D:1      | Reached skill level 1 in Invocations
   920 | D:1      | Reached XP level 4. HP: 16/38 MP: 4/6
  1322 | D:2      | Reached skill level 1 in Conjurations
  1322 | D:2      | Reached skill level 1 in Hexes
  1322 | D:2      | Reached skill level 1 in Charms
  1322 | D:2      | Reached skill level 1 in Summonings
  1322 | D:2      | Reached skill level 1 in Necromancy
  1322 | D:2      | Reached skill level 1 in Translocations
  1322 | D:2      | Reached skill level 1 in Transmutations
  1322 | D:2      | Reached skill level 1 in Fire Magic
  1322 | D:2      | Reached skill level 1 in Ice Magic
  1322 | D:2      | Reached skill level 1 in Air Magic
  1322 | D:2      | Reached skill level 1 in Earth Magic
  1322 | D:2      | Reached skill level 1 in Poison Magic
  1442 | D:2      | Noticed Robin
  1455 | D:2      | Reached XP level 5. HP: 30/43 MP: 7/7
  1946 | D:2      | Found a stormy altar of Qazlal.
  1993 | D:2      | Killed Robin
  2112 | D:2      | Found an opulent altar of Gozag.
  2869 | D:3      | Noticed Natasha
  2874 | D:3      | Killed Natasha
  3060 | D:3      | Reached XP level 6. HP: 50/50 MP: 8/8
  3109 | D:3      | Noticed Grinder
  3133 | D:3      | Killed Grinder
  3133 | D:3      | Reached skill level 5 in Fighting
  3396 | D:3      | Noticed Natasha
  3423 | D:3      | Killed Natasha
  3423 | D:3      | Reached XP level 7. HP: 34/56 MP: 10/10
  3742 | D:3      | Noticed Natasha
  3759 | D:3      | Killed Natasha
  4001 | D:4      | Found a burning altar of Makhleb.
  4382 | D:4      | Noticed galech's ghost (novice GnWn)
  4599 | D:4      | Found a radiant altar of Vehumet.
  5290 | D:5      | Entered Level 5 of the Dungeon
  5671 | D:5      | Reached XP level 8. HP: 12/63 MP: 12/12
  5695 | D:5      | HP: 2/94 [hound (4)]
  5700 | D:5      | HP: 1/94 [adder (2)]
  5957 | D:5      | Noticed galech's ghost (novice GnWn)
  6005 | D:5      | Found a glowing drain.
  6016 | Sewer    | Entered a sewer
  6109 | Sewer    | Reached skill level 5 in Short Blades
  6109 | Sewer    | Reached skill level 5 in Long Blades
  6109 | Sewer    | Reached skill level 5 in Axes
  6109 | Sewer    | Reached skill level 5 in Maces & Flails
  6109 | Sewer    | Reached skill level 5 in Polearms
  6109 | Sewer    | Reached skill level 5 in Staves
  6109 | Sewer    | Reached skill level 5 in Slings
  6109 | Sewer    | Reached skill level 5 in Bows
  6109 | Sewer    | Reached skill level 5 in Crossbows
  6109 | Sewer    | Reached skill level 5 in Dodging
  6109 | Sewer    | Reached skill level 5 in Shields
  6109 | Sewer    | Reached skill level 5 in Unarmed Combat
  6109 | Sewer    | Reached skill level 5 in Spellcasting
  6109 | Sewer    | Reached skill level 5 in Invocations
  6109 | Sewer    | Reached XP level 9. HP: 72/72 MP: 12/17
  6405 | D:5      | Killed galech's ghost
  7281 | D:4      | Killed galech's ghost
  8031 | D:6      | Found a shadowy altar of Dithmenos.
  8031 | D:6      | Found a sacrificial altar of Ru.
  8107 | D:6      | Found a runed door.
  8111 | D:6      | Noticed Crazy Yiuf
  8115 | D:6      | Killed Crazy Yiuf
  8224 | D:6      | Reached XP level 10. HP: 32/79 MP: 18/18
  8713 | D:6      | Found a staircase to the Ecumenical Temple.
  8722 | Temple   | Entered the Ecumenical Temple
  8739 | Temple   | Became a worshipper of Warmaster Okawaru
  8929 | D:6      | Noticed Pikel
  8977 | D:5      | Killed Pikel
  9151 | D:6      | Noticed Menkaure
  9152 | D:6      | Noticed Prince Ribbit
  9520 | D:6      | Killed Menkaure
 10057 | D:7      | Found a runed door.
 10058 | D:7      | Found a runed gate.
 10071 | D:7      | Found a runed door.
 10073 | D:7      | Found the +9 staff of Olgreb {rPois}
 10176 | D:7      | Reached * piety under Okawaru
 10582 | D:7      | Reached skill level 5 in Conjurations
 10582 | D:7      | Reached skill level 5 in Hexes
 10582 | D:7      | Reached skill level 5 in Charms
 10582 | D:7      | Reached skill level 5 in Summonings
 10582 | D:7      | Reached skill level 5 in Necromancy
 10582 | D:7      | Reached skill level 5 in Translocations
 10582 | D:7      | Reached skill level 5 in Transmutations
 10582 | D:7      | Reached skill level 5 in Fire Magic
 10582 | D:7      | Reached skill level 5 in Ice Magic
 10582 | D:7      | Reached skill level 5 in Air Magic
 10582 | D:7      | Reached skill level 5 in Earth Magic
 10582 | D:7      | Reached skill level 5 in Poison Magic
 10772 | D:7      | Found a runed gate.
 10772 | D:7      | Found a runed gate.
 11117 | D:6      | Killed Prince Ribbit
 11555 | D:7      | Reached ** piety under Okawaru
 12589 | D:7      | Reached XP level 11. HP: 61/86 MP: 20/20
 13235 | D:8      | Noticed a two-headed ogre
 13245 | D:8      | Killed a two-headed ogre
 13702 | D:8      | Found a staircase to the Lair.
 13740 | D:8      | Got a distressingly furry leather armour
 13751 | D:8      | Identified the +1 leather armour of Kindness {*Slow Int+5} (You found it on level 8 of the Dungeon)
 13864 | D:8      | Found an ornate altar of the Wu Jian Council.
 14951 | D:9      | Reached *** piety under Okawaru
 15108 | D:10     | Entered Level 10 of the Dungeon
 15849 | D:10     | Found a staircase to the Orcish Mines.
 15904 | Orc:1    | Entered Level 1 of the Orcish Mines
 15904 | Orc:1    | Noticed an orc high priest
 16274 | D:10     | Noticed a sixfirhy
 16274 | D:10     | Killed an orc high priest
 16274 | D:10     | Received a gift from Okawaru
 16779 | D:10     | Noticed Psyche
 16811 | D:10     | Identified a scroll of acquirement
 16891 | D:10     | Killed Psyche
 17131 | D:10     | Received a gift from Okawaru
 17326 | D:10     | Reached **** piety under Okawaru
 17712 | Orc:1    | Noticed an orc sorcerer
 17734 | Orc:1    | Killed an orc sorcerer
 17941 | Orc:1    | Reached XP level 12. HP: 75/94 MP: 16/22
 18072 | Orc:1    | Found a roughly hewn altar of Beogh.
 18365 | Orc:2    | Entered Level 2 of the Orcish Mines
 18371 | Orc:2    | Noticed Maurice
 18498 | Orc:1    | Killed Maurice
 18835 | Orc:1    | Received a gift from Okawaru
 19054 | Orc:2    | Noticed Urug
 19284 | Orc:1    | Killed Urug
 19384 | Orc:2    | Noticed a two-headed ogre
 19390 | Orc:2    | Noticed an ogre mage
 19396 | Orc:2    | Killed a two-headed ogre
 19396 | Orc:2    | Received a gift from Okawaru
 19396 | Orc:2    | Reached skill level 10 in Armour
 19826 | Orc:2    | Killed an ogre mage
 19832 | Orc:2    | Noticed a two-headed ogre
 19841 | Orc:1    | Reached ***** piety under Okawaru
 19907 | Orc:1    | Killed a two-headed ogre
 19907 | Orc:1    | Received a gift from Okawaru
 20555 | Orc:2    | Noticed a two-headed ogre
 20556 | Orc:2    | Noticed a two-headed ogre
 20573 | Orc:1    | Killed a two-headed ogre
 20576 | Orc:1    | Killed a two-headed ogre
 20667 | Orc:2    | Noticed a two-headed ogre
 20677 | Orc:2    | Noticed a two-headed ogre
 21067 | Orc:1    | Killed a two-headed ogre
 21334 | Orc:2    | Noticed a two-headed ogre
 21346 | Orc:1    | Reached skill level 10 in Stealth
 21367 | Orc:1    | Reached XP level 13. HP: 61/101 MP: 11/24
 22121 | Orc:2    | Received a gift from Okawaru
 22258 | Orc:2    | Received a gift from Okawaru
 22261 | Orc:2    | Got a pair of dazzling gloves {god gift}
 22273 | Orc:2    | Identified the +0 pair of gloves of Fortitude {Int+3} (Okawaru gifted it to you on level 2 of the Orcish Mines)
 23607 | Orc:2    | Found a staircase to the Elven Halls.
 23729 | Orc:2    | Found Emmoegea's Assorted Antiques.
 23730 | Orc:2    | Found Seorph's General Store.
 23730 | Orc:2    | Found Zoyxia's Antique Armour Shoppe.
 23730 | Orc:2    | Found Byzo's Jewellery Boutique.
 23737 | Orc:2    | Bought a scroll of identify for 26 gold pieces
 23738 | Orc:2    | Bought a scroll of identify for 66 gold pieces
 23738 | Orc:2    | Bought a scroll of identify for 66 gold pieces
 23738 | Orc:2    | Bought a scroll of teleportation for 99 gold pieces
 25553 | Lair:1   | Entered Level 1 of the Lair of Beasts
 25631 | Lair:1   | Found a dark tunnel.
 25686 | Lair:1   | Noticed Joseph
 25699 | Lair:1   | Killed Joseph
 25785 | Volcano  | Entered a volcano
 25854 | Volcano  | HP: 2/102 [salamander/glaive of protection (14)]
 27027 | Lair:2   | Noticed Erica
 27042 | Lair:2   | Killed Erica
 27042 | Lair:2   | Received a gift from Okawaru
 27196 | Lair:2   | Noticed Fannar
 27231 | Lair:2   | Killed Fannar
 27472 | Lair:2   | Reached XP level 14. HP: 109/109 MP: 26/26
 27519 | Lair:2   | Reached skill level 10 in Fighting
 27957 | Lair:3   | Found a staircase to the Swamp.
 28717 | Lair:3   | Learned a level 2 spell: Blink
 29416 | Lair:4   | Received a gift from Okawaru
 29595 | Lair:4   | Found a frozen archway.
 29675 | IceCv    | Entered an ice cave
 30157 | IceCv    | Reached skill level 10 in Invocations
 30940 | IceCv    | Noticed a frost giant
 30951 | IceCv    | Killed a frost giant
 31594 | Lair:4   | Found a staircase to the Snake Pit.
 31619 | Lair:4   | Noticed Rupert
 31622 | Lair:4   | Paralysed by Rupert for 6 turns
 31634 | Lair:4   | Mangled by Rupert

Vault maps used:
D:1:      dpeg_arrival_castle, minivault_27
D:2:      nicolae_overflow_crystal_walls, overflow_temple_1_default,
          first_ration, uniq_terence, uniq_robin
D:3:      uniq_grinder, uniq_natasha
D:4:      demons_altar, lemuel_crystal_altar
D:5:      gup_sewer_entry_pipe, kennysheep_generic_room_13
D:6:      amethyst_overflow_temple_binary, minmay_temple_entry_butterflies,
          kennysheep_generic_room_8, uniq_menkaure, uniq_crazy_yiuf_cottage,
          uniq_prince_ribbit1, uniq_pikel
D:7:      minmay_guarded_unrand_staff_of_olgreb
D:8:      lair_entry_dummy, basic_altar
D:10:     orc_0_dummy, uniq_psyche
Temple:   nicolae_temple_elliptical
Lair:1:   nicolae_volcano_entry_two_sided, grunt_megastairs_5, uniq_joseph
Lair:2:   uniq_fannar, uniq_erica
Lair:3:   minmay_swamp_entry_worms, minmay_lair_oklob_chamber,
          grunt_megastairs_1
Lair:4:   dummy_snake_entry, portal_ice_cave_entry_imps, patterned_corridor,
          uniq_rupert
Orc:1:    basic_altar
Orc:2:    st_orc_ogre_mass, sword_in_stone, uniq_maurice
Sewer:    sewer_the_crocodile
IceCv:    ice_cave_caverns_03
Volcano:  volcano_village

Skill      XL: |  1  2  3  4  5  6  7  8  9 10 11 12 13 14 |
---------------+-------------------------------------------+-----
Stealth        | 6 8 9 10 11 | 11.0
Short Blades   | 1 2 5 6 7 8 9 |  9.3
Long Blades    | 1 2 5 6 7 8 9 |  9.3
Axes           | 1 2 5 6 7 8 9 |  9.3
Maces & Flails | 1 2 5 6 7 8 9 |  9.3
Polearms       | 1 2 5 6 7 8 9 |  9.3
Staves         | 1 2 5 6 7 8 9 |  9.3
Slings         | 1 2 5 6 7 8 9 |  9.3
Bows           | 1 2 5 6 7 8 9 |  9.3
Crossbows      | 1 2 5 6 7 8 9 |  9.3
Dodging        | 1 2 5 6 7 8 9 |  9.3
Shields        | 1 2 5 6 7 8 9 |  9.3
Unarmed Combat | 1 2 5 6 7 8 9 |  9.3
Spellcasting   | 1 2 5 6 7 8 9 |  9.3
Invocations    | 1 2 3 5 6 7 8 9 10 | 10.1
Conjurations   | 1 2 4 5 6 7 |  7.8
Hexes          | 1 2 4 5 6 7 |  7.8
Charms         | 1 2 4 5 6 7 |  7.8
Summonings     | 1 2 4 5 6 7 |  7.8
Necromancy     | 1 2 4 5 6 7 |  7.8
Translocations | 1 2 4 5 6 7 |  7.8
Transmutations | 1 2 4 5 6 7 |  7.8
Fire Magic     | 1 2 4 5 6 7 |  7.8
Ice Magic      | 1 2 4 5 6 7 |  7.8
Air Magic      | 1 2 4 5 6 7 |  7.8
Earth Magic    | 1 2 4 5 6 7 |  7.8
Poison Magic   | 1 2 4 5 6 7 |  7.8
Throwing       | 3 6 7 8 9 |  9.7
Evocations     | 3 6 7 8 9 |  9.7
Fighting       | 5 7 8 9 10 | 10.3
Armour         | 7 8 9 10 11 | 11.2

Action                   |  1- 3 |  4- 6 |  7- 9 | 10-12 | 13-15 || total
-------------------------+-------+-------+-------+-------+-------++-------
Melee: Dagger            |   203 |       |       |       |       ||   203
       Bite              |    23 |    29 |    74 |   124 |   180 ||   430
       Short sword       |       |   302 |   581 |       |       ||   883
       Punch             |       |     2 |     9 |    38 |     6 ||    55
       Quarterstaff      |       |       |    10 |       |       ||    10
       Long sword        |       |       |       |   359 |       ||   359
       Mace              |       |       |       |    17 |       ||    17
       Staff             |       |       |       |   465 |  1032 ||  1497
Invok: Heroism           |       |       |       |    13 |     6 ||    19
       Finesse           |       |       |       |       |     1 ||     1
Evoke: Staff of Olgreb   |       |       |       |    57 |    37 ||    94
  Use: Potion            |     2 |       |     5 |     3 |     2 ||    12
       Scroll            |       |       |     8 |     9 |    10 ||    27
 Stab: Sleeping          |     1 |     9 |     9 |     8 |     3 ||    30
       Distracted        |       |     3 |       |     1 |     1 ||     5
  Eat: Chunk             |       |    13 |    19 |    27 |    33 ||    92
       Ration            |       |       |       |     4 |     1 ||     5
Armor: Ring mail         |   121 |   115 |   139 |   143 |       ||   518
       Skin              |       |       |     8 |       |       ||     8
       Chain mail        |       |       |       |   164 |   331 ||   495
       Troll leather arm |       |       |       |    15 |       ||    15
       Scale mail        |       |       |       |    20 |    10 ||    30
Dodge: Dodged            |   142 |   158 |   266 |   667 |   349 ||  1582
Block: Other             |       |       |     1 |    66 |     8 ||    75
       Reflection        |       |       |       |     1 |     8 ||     9
       Shield            |       |       |       |       |   509 ||   509
       Rpst.: Long sword |       |       |       |    79 |       ||    79

Table legend:
 A = Spawn XP
 B = Non-spawn XP
 C = Spawn XP percentage of total XP
 D = Spawn monster count
 E = Non-spawn monster count
 F = Spawn count percentage of total count
 G = Total turns spent on level
                    A         B        C        D         E        F      G
               +---------+---------+-------+---------+---------+-------+---------
         Total |       0 |   72313 |   0.0 |       0 |     546 |   0.0 | 31634
               +---------+---------+-------+---------+---------+-------+---------
           D:1 |       0 |      82 |   0.0 |       0 |      26 |   0.0 |  1214
           D:2 |       0 |     160 |   0.0 |       0 |      36 |   0.0 |  1028
           D:3 |       0 |     415 |   0.0 |       0 |      29 |   0.0 |  2036
           D:4 |       0 |    1065 |   0.0 |       0 |      19 |   0.0 |  1953
           D:5 |       0 |    1793 |   0.0 |       0 |      32 |   0.0 |  1550
           D:6 |       0 |    1086 |   0.0 |       0 |      11 |   0.0 |  2120
           D:7 |       0 |    3745 |   0.0 |       0 |      55 |   0.0 |  2808
           D:8 |       0 |    2635 |   0.0 |       0 |      21 |   0.0 |  1016
           D:9 |       0 |    1060 |   0.0 |       0 |      10 |   0.0 |  1431
          D:10 |       0 |    4859 |   0.0 |       0 |      37 |   0.0 |  2497
          D:11 |       0 |    4807 |   0.0 |       0 |      32 |   0.0 |  1197
        Lair:1 |       0 |    3074 |   0.0 |       0 |      12 |   0.0 |  1263
        Lair:2 |       0 |    3465 |   0.0 |       0 |      10 |   0.0 |   868
        Lair:3 |       0 |    4031 |   0.0 |       0 |      20 |   0.0 |  1531
        Lair:4 |       0 |    4729 |   0.0 |       0 |      30 |   0.0 |   596
         Orc:1 |       0 |   13942 |   0.0 |       0 |      78 |   0.0 |  5570
         Orc:2 |       0 |   10453 |   0.0 |       0 |      40 |   0.0 |   815
         Sewer |       0 |     111 |   0.0 |       0 |       6 |   0.0 |   299
         IceCv |       0 |    9806 |   0.0 |       0 |      38 |   0.0 |  1736
       Volcano |       0 |     995 |   0.0 |       0 |       4 |   0.0 |    72
               +---------+---------+-------+---------+---------+-------+---------
